Map: Ever Dream LE

Players

Neeb - Winner!

  • Race: Protoss Protoss
  • League: Master
  • Spawn Location: 7:00

Nina

  • Race: Protoss Protoss
  • League: Grandmaster
  • Spawn Location: 1:00

Event: DreamHack SC2 Masters 2020 Fall

VOD

Have the link to the VOD?

Description

Time

  • Played on: Sept. 9, 2020, 5:44 p.m.
  • Length: 15:45

All games in this series

Show
View Real Time Build Order
Export as new Build Order

Neeb Protoss - Winner!

Build Orders: Oracle Opening 

Get SALT Encoding   

  12  0:00  Probe  
  13  0:12  Probe  
  14  0:16  Pylon  
  14  0:24  Probe (Chrono Boost)  
  16  0:36  Probe (Chrono Boost)  
  16  0:39  Gateway  
  16  0:43  Probe (Chrono Boost)  
  16  0:47  Assimilator  
  17  0:51  Probe  
  17  0:54  Assimilator  
  18  1:04  Forge  
  18  1:09  Probe  
  19  1:15  Pylon  
  19  1:25  Cybernetics Core  
  21  1:36  Pylon  
  21  1:38  Photon Cannon  
  19  1:47  Photon Cannon  
  19  1:50  Probe  
  20  1:55  Assimilator  
  20  2:01  Stalker (Chrono Boost)  
  20  2:07  Probe  
  23  2:14  Pylon  
  23  2:19  Probe  
  24  2:31  Probe  
  24  2:34  Stargate  
  25  2:38  Shield Battery  
  25  2:51  Probe  
  26  3:03  Probe  
  27  3:14  Oracle (Chrono Boost)  
  27  3:15  Warp Gate  
  27  3:16  Probe  
  31  3:20  Stalker  
  33  3:28  Probe  
  33  3:32  Pylon  
  34  3:42  Void Ray  
  34  3:45  Probe  
  39  3:58  Probe  
  40  4:11  Probe  
  40  4:15  Pylon  
  41  4:20  Nexus  
  41  4:23  Probe  
  42  4:27  Robotics Facility  
  42  4:29  Void Ray  
  42  4:36  Probe  
  47  4:48  Probe  
  48  4:54  Pylon  
  48  4:57  Void Ray  
  48  5:00  Probe  
  49  5:07  Stalker  
  49  5:12  Probe (Chrono Boost)  
  49  5:13  Shield Battery  
  56  5:24  Probe (Chrono Boost)  
  57  5:32  Probe (Chrono Boost)  
  57  5:35  Immortal, Probe (Chrono Boost)  
  63  5:39  Probe  
  64  5:45  Probe  
  64  5:47  Assimilator  
  64  5:48  Assimilator  
  65  5:50  Void Ray (Chrono Boost)  
  65  5:51  Probe  
  66  5:59  Probe  
  66  6:03  Probe  
  72  6:11  Probe  
  72  6:14  Pylon  
  72  6:16  Immortal, Probe  
  78  6:23  Pylon  
  78  6:26  Void Ray  
  78  6:28  Pylon  
  78  6:32  Probe  
  83  6:38  Probe  
  84  6:41  Photon Cannon  
  84  6:45  Photon Cannon  
  84  6:49  Sentry  
  86  6:55  Observer  
  87  7:02  Nexus, Pylon  
  87  7:03  Void Ray (Chrono Boost)  
  87  7:10  Probe x2  
  93  7:18  Stargate  
  93  7:22  Probe  
  94  7:25  Immortal  
  97  7:30  Probe  
  98  7:37  Void Ray (Chrono Boost)  
  98  7:40  Probe  
  98  7:42  Probe  
  100  7:50  Pylon  
  104  7:52  Probe  
  104  7:53  Photon Cannon  
  104  7:54  Probe  
  106  8:04  Probe  
  103  8:06  Probe  
  103  8:07  Immortal  
  108  8:15  Fleet Beacon  
  108  8:16  Probe  
  108  8:18  Probe  
  110  8:21  Void Ray (Chrono Boost)  
  114  8:29  Void Ray (Chrono Boost), Probe  
  114  8:30  Probe  
  112  8:37  Assimilator  
  112  8:39  Assimilator  
  116  8:42  Pylon  
  116  8:44  Photon Cannon  
  116  8:51  Pylon  
  116  8:59  Protoss Air Weapons Level 1  
  116  9:05  Probe  
  116  9:08  Unknown  
  116  9:09  Void Ray  
  120  9:11  Zealot  
  120  9:15  Shield Battery  
  126  9:17  Pylon  
  126  9:22  Photon Cannon  
  126  9:24  Photon Cannon  
  122  9:25  Shield Battery  
  112  9:34  Void Ray  
  112  9:46  Void Ray, Immortal  
  112  9:47  Pylon  
  112  9:49  Stargate  
  112  9:51  Probe x3  
  111  10:06  Photon Cannon  
  111  10:08  Photon Cannon  
  111  10:10  Photon Cannon  
  111  10:11  Shield Battery, Void Ray (Chrono Boost)  
  111  10:12  Pylon  
  111  10:23  Void Ray (Chrono Boost)  
  111  10:27  Void Ray (Chrono Boost)  
  115  10:35  Nexus  
  115  10:37  Pylon  
  115  10:46  Void Ray (Chrono Boost)  
  115  10:49  Stargate  
  119  10:57  Void Ray (Chrono Boost)  
  119  10:58  Void Ray (Chrono Boost)  
  119  10:59  Photon Cannon  
  119  11:01  Photon Cannon  
  119  11:02  Shield Battery  
  127  11:09  Stargate, Probe x3  
  130  11:13  Void Ray (Chrono Boost)  
  130  11:14  Assimilator  
  130  11:18  Assimilator  
  130  11:21  Probe  
  135  11:29  Probe x2  
  137  11:33  Void Ray (Chrono Boost)  
  137  11:34  Protoss Air Weapons Level 2 (Chrono Boost)  
  137  11:37  Void Ray (Chrono Boost), Photon Cannon x2  
  141  11:40  Void Ray  
  141  11:43  Photon Cannon  
  141  11:54  Photon Cannon  
  141  11:56  Shield Battery  
  141  12:03  Probe (Chrono Boost)  
  141  12:04  Probe x2 (Chrono Boost)  
  141  12:05  Probe (Chrono Boost)  
  141  12:07  Void Ray, Mothership (Chrono Boost)  
  157  12:17  Photon Cannon  
  157  12:18  Void Ray, Pylon  
  157  12:21  Void Ray  
  157  12:50  Photon Cannon x2  
  157  12:51  Shield Battery  
  157  12:52  Shield Battery  
  161  13:00  Carrier  
  161  13:04  Carrier  
  161  13:05  Carrier  
  167  13:13  Carrier  
  167  13:15  Void Ray, Pylon  
  177  13:29  Photon Cannon x2  
  177  13:52  Void Ray  
  177  13:58  Void Ray  
  177  14:02  Nexus, Void Ray  
  181  14:04  Pylon  
  181  14:09  Void Ray  
  189  14:11  Void Ray  
  189  14:13  Pylon  
  193  14:22  Shield Battery  
  193  14:24  Shield Battery  
  197  14:25  Shield Battery  
  197  14:26  Shield Battery  
  197  14:28  Photon Cannon  
  197  14:41  Unknown  
  197  14:45  Photon Cannon  
  197  15:18  Photon Cannon  
  197  15:20  Photon Cannon  
  197  15:21  Stargate  
  197  15:22  Stargate, Shield Battery  
Show
View Real Time Build Order
Export as new Build Order

Nina Protoss 

Build Orders:  

Get SALT Encoding   

  12  0:00  Probe (Chrono Boost)  
  13  0:10  Probe (Chrono Boost)  
  14  0:19  Pylon  
  14  0:21  Probe  
  15  0:37  Probe  
  15  0:38  Forge  
  16  0:58  Pylon  
  16  1:03  Pylon  
  16  1:08  Probe  
  17  1:13  Pylon  
  17  1:20  Probe  
  18  1:31  Assimilator  
  18  1:32  Photon Cannon  
  18  1:33  Gateway  
  18  1:40  Photon Cannon  
  18  1:42  Probe (Chrono Boost)  
  19  1:50  Assimilator  
  19  1:53  Probe (Chrono Boost)  
  20  1:58  Probe (Chrono Boost)  
  21  2:08  Probe  
  22  2:20  Zealot, Probe  
  25  2:23  Cybernetics Core  
  25  2:30  Pylon  
  25  2:33  Probe  
  26  2:45  Probe  
  27  2:53  Pylon  
  27  2:56  Adept (Chrono Boost)  
  27  2:57  Probe  
  28  3:02  Warp Gate  
  28  3:06  Photon Cannon  
  27  3:16  Stargate  
  27  3:22  Probe  
  27  3:25  Pylon  
  28  3:31  Adept (Chrono Boost)  
  30  3:44  Photon Cannon  
  30  3:56  Probe  
  30  3:59  Robotics Facility  
  31  4:04  Oracle (Chrono Boost)  
  34  4:13  Twilight Council  
  35  4:17  Gateway  
  35  4:22  Gateway  
  34  4:29  Probe  
  35  4:35  Oracle (Chrono Boost)  
  38  4:42  Pylon  
  38  4:48  Probe  
  38  4:51  Pylon  
  37  4:58  Blink  
  37  5:21  Nexus  
  37  5:27  Pylon  
  37  5:30  Probe  
  38  5:43  Probe  
  38  5:45  Gateway  
  39  5:50  Stalker  
  39  5:54  Stalker  
  43  5:59  Probe  
  44  6:11  Probe  
  45  6:20  Stalker  
  47  6:25  Protoss Ground Weapons Level 1  
  47  6:33  Probe  
  47  6:35  Stalker  
  47  6:36  Probe (Chrono Boost)  
  49  6:41  Stalker  
  49  6:45  Probe (Chrono Boost)  
  52  6:48  Probe (Chrono Boost)  
  52  6:49  Pylon  
  54  6:54  Probe (Chrono Boost)  
  54  6:55  Probe (Chrono Boost)  
  54  6:59  Probe (Chrono Boost)  
  55  7:02  Probe, Stalker  
  59  7:11  Probe, Stalker x2  
  59  7:14  Probe  
  65  7:21  Shield Battery  
  65  7:26  Stalker  
  65  7:27  Pylon  
  67  7:34  Stalker x2  
  67  7:35  Shield Battery  
  65  7:44  Probe  
  66  7:47  Stalker  
  66  7:49  Probe  
  69  7:53  Stalker x2  
  71  8:06  Stalker  
  71  8:09  Pylon  
  73  8:13  Stalker x2  
  75  8:24  Pylon  
  75  8:25  Gateway  
  75  8:26  Gateway  
  75  8:31  Stalker  
  75  8:32  Probe  
  75  8:33  Assimilator  
  76  8:36  Stalker  
  76  8:37  Assimilator  
  78  8:52  Nexus  
  78  8:54  Probe  
  79  8:57  Probe  
  80  9:07  Stalker x2  
  84  9:11  Stalker  
  84  9:14  Probe x2  
  84  9:27  Stalker  
  83  9:33  Probe  
  79  9:42  Probe  
  79  9:45  Pylon, Stalker x3  
  86  9:47  Probe  
  83  9:54  Probe  
  83  9:58  Pylon  
  83  9:59  Probe  
  79  10:19  Stalker x5  
  79  10:21  Probe  
  85  10:22  Probe  
  84  10:31  Probe  
  84  10:35  Protoss Ground Weapons Level 2 (Chrono Boost)  
  85  10:39  Probe x2  
  85  10:42  Photon Cannon  
  85  10:45  Probe  
  85  10:49  Stalker  
  88  10:51  Probe x2  
  88  10:52  Charge  
  90  10:57  Probe  
  90  11:00  Stalker  
  93  11:04  Templar Archives  
  93  11:07  Probe  
  93  11:09  Stalker x2  
  98  11:11  Probe  
  96  11:25  Stalker x3  
  100  11:26  Probe  
  100  11:27  Probe  
  100  11:28  Probe  
  100  11:29  Assimilator  
  103  11:33  Assimilator  
  103  11:35  Gateway  
  103  11:38  Probe  
  103  11:39  Probe  
  105  11:50  Stalker  
  105  11:51  Stalker x4  
  107  12:02  Nexus  
  107  12:06  Probe  
  108  12:10  Psionic Storm  
  108  12:14  Gateway  
  108  12:16  Probe  
  97  12:32  Stalker x6  
  97  12:36  Probe x2  
  111  12:44  Gateway  
  111  12:47  Probe  
  111  12:48  Probe  
  111  12:50  Pylon  
  111  12:51  Photon Cannon  
  113  12:56  High Templar x3  
  113  12:57  High Templar  
  121  12:59  High Templar  
  121  13:00  High Templar  
  121  13:01  Pylon  
  121  13:04  Pylon  
  121  13:05  Pylon  
  125  13:13  Probe  
  125  13:14  Assimilator, Probe  
  125  13:18  Assimilator  
  127  13:24  Probe x2  
  127  13:25  Probe  
  127  13:26  Photon Cannon  
  130  13:28  Photon Cannon  
  130  13:33  High Templar x2  
  134  13:36  Probe x2  
  134  13:39  Robotics Facility  
  134  13:40  Probe  
  137  13:41  Archon  
  137  13:42  Zealot x3  
  137  13:45  Gateway  
  143  13:51  High Templar  
  143  13:52  High Templar, Gateway  
  143  13:54  Zealot  
  149  13:56  Archon  
  147  14:09  Zealot, High Templar x2  
  143  14:10  Zealot x2  
  143  14:14  Photon Cannon  
  143  14:15  Archon  
  147  14:17  Zealot  
  147  14:18  Photon Cannon  
  147  14:21  Shield Battery  
  149  14:24  High Templar x2  
  149  14:27  Observer  
  149  14:28  Archon  
  149  14:31  Zealot x3  
  158  14:37  Pylon  
  160  14:40  High Templar x2  
  160  14:41  Zealot x2, Pylon  
  160  14:44  Pylon  
  160  14:45  Stargate  
  168  14:46  Archon  
  168  14:47  Zealot  
  168  14:49  Observer  
  171  14:55  Pylon  
  171  14:56  Stalker x2  
  171  14:57  Stalker x2  
  173  15:10  Warp Prism (Chrono Boost)  
  173  15:13  Pylon  
  175  15:16  High Templar x2  
  175  15:18  Zealot  
  175  15:20  Archon  
  142  15:34  Stalker x7  

Tags
 
Add a new tag
Caveats
  • Supply blocks, unpowered buildings, or Contaminate may cause inaccurate times.
  • Supply counts are checked every 10 seconds.